TOP OF THE 1ST |
Charleston RiverDogs batting - Pitching for Hickory Crawdads : LHP Phil Tippins
|
Pitching: LHP Phil Tippins
|
|
Batting: RHB Omar Novoa
|
0-0: Ground out U3 (Groundball, 3, EV 82.5 MPH)
|
Batting: RHB Graham Murphy
|
0-0: Swinging Strike 0-1: Ball 1-1: Foul Ball, location: 2F 1-2: Ball 2-2: Foul Ball, location: 2F 2-2: Strikes out swinging
|
Batting: LHB Aaron Joyner
|
0-0: Fly out, F8 (Flyball, 8RXD, EV 100.0 MPH)
|
Top of the 1st over - 0 runs, 0 hits, 0 errors, 0 left on base; Charleston 0 - Hickory 0 |
BOTTOM OF THE 1ST |
Hickory Crawdads batting - Pitching for Charleston RiverDogs : RHP Andres Galindo
|
Pitching: RHP Andres Galindo
|
|
Batting: RHB Chance Lamb
|
0-0: Called Strike 0-1: Ball 1-1: Foul Ball, location: 2F 1-2: Foul Ball, location: 2F 1-2: Strikes out swinging
|
Batting: RHB Adryão Anto
|
0-0: Called Strike 0-1: Ground out 3-1 (Groundball, 34S, EV 83.8 MPH)
|
Batting: LHB Manuel Arguello
|
0-0: Foul Ball, location: 2F 0-1: Called Strike 0-2: Foul Ball, location: 2F 0-2: Ground out 5-3 (Groundball, 56, EV 78.1 MPH)
|
Bottom of the 1st over - 0 runs, 0 hits, 0 errors, 0 left on base; Charleston 0 - Hickory 0 |
TOP OF THE 2ND |
Charleston RiverDogs batting - Pitching for Hickory Crawdads : LHP Phil Tippins
|
Batting: LHB Victor Fiallos
|
0-0: Foul Ball, location: 2F 0-1: Ball 1-1: Foul Ball, location: 2F 1-2: Strikes out swinging, 2-3 out at first.
|
Batting: LHB Bart Davies
|
0-0: Foul Ball, location: 2F 0-1: Ball 1-1: Ball 2-1: Ball 3-1: Base on Balls
|
Batting: SHB Jeffrey Louter
|
0-0: Called Strike 0-1: Ball 1-1: Ball 2-1: Ground out 6-3 (Groundball, 6S, EV 67.5 MPH) Bart Davies to second
|
Batting: LHB Marty Hafner
|
0-0: Reached on error, E1 (Groundball, 13S, EV 65.6 MPH) Bart Davies to third
|
Batting: RHB Matt Crane
|
0-0: Called Strike 0-1: Called Strike 0-2: Hit by Pitch Marty Hafner to second
|
Batting: RHB Alfredo Razo
|
0-0: Called Strike 0-1: Swinging Strike 0-2: Strikes out swinging
|
Top of the 2nd over - 0 runs, 0 hits, 1 error, 3 left on base; Charleston 0 - Hickory 0 |
BOTTOM OF THE 2ND |
Hickory Crawdads batting - Pitching for Charleston RiverDogs : RHP Andres Galindo
|
Batting: LHB Nick Foutz
|
0-0: Ball 1-0: Ball 2-0: Swinging Strike 2-1: Ball 3-1: Called Strike 3-2: SINGLE (Groundball, 56D, EV 97.5 MPH)
|
Batting: RHB Bernie Varela
|
0-0: Called Strike 0-1: Called Strike Nick Foutz steals 2nd base 0-2: Ball 1-2: Ball 2-2: Ground out 6-3 (Groundball, 6S, EV 83.1 MPH) Nick Foutz to third
|
Batting: RHB Andy Sheridan
|
0-0: Foul Ball, location: 2F 0-1: Ball 1-1: Ball 2-1: Foul Ball, location: 2F 2-2: Ball 3-2: Fly out, F8 (Line Drive, 8RD, EV 92.5 MPH) Runner from 3rd tags up, SCORES, throw by CF
|
Batting: RHB Chris Powell
|
0-0: Swinging Strike 0-1: Foul Ball, location: 2F 0-2: Foul Ball, location: 2F 0-2: Ground out 4-3 (Groundball, 4D, EV 83.8 MPH)
|
Bottom of the 2nd over - 1 run, 1 hit, 0 errors, 0 left on base; Charleston 0 - Hickory 1 |
TOP OF THE 3RD |
Charleston RiverDogs batting - Pitching for Hickory Crawdads : LHP Phil Tippins
|
Batting: RHB Omar Novoa
|
0-0: Called Strike 0-1: SINGLE (Groundball, 34D, EV 103.8 MPH)
|
Batting: RHB Graham Murphy
|
0-0: Called Strike 0-1: Ball 1-1: Ground out 6-3 (Groundball, 6S, EV 75.6 MPH) Omar Novoa to second
|
Batting: LHB Aaron Joyner
|
0-0: Foul Ball, location: 2F 0-1: Swinging Strike 0-2: Ball 1-2: Foul Ball, location: 2F 1-2: Ball 2-2: Foul Ball, location: 2F 2-2: Ball 3-2: Foul Ball, location: 2F 3-2: Foul Ball, location: 2F 3-2: Strikes out swinging
|
Batting: LHB Victor Fiallos
|
0-0: Ball 1-0: Foul Ball, location: 2F 1-1: Ball 2-1: SINGLE (Groundball, 4MD, EV 105.6 MPH) Omar Novoa to third Runner from 3rd tries for Home, SAFE, throw by CF to home
|
Batting: LHB Bart Davies
|
0-0: Ground out 5-3 (Groundball, 5S, EV 89.4 MPH)
|
Top of the 3rd over - 1 run, 2 hits, 0 errors, 1 left on base; Charleston 1 - Hickory 1 |
BOTTOM OF THE 3RD |
Hickory Crawdads batting - Pitching for Charleston RiverDogs : RHP Andres Galindo
|
Batting: RHB Mike Trujillo
|
0-0: Ball 1-0: Foul Ball, location: 2F 1-1: Called Strike 1-2: Fly out, F9 (Line Drive, 9, EV 93.1 MPH)
|
Batting: RHB Dave Brabo
|
0-0: Called Strike 0-1: Fly out, F8 (Flyball, 78M, EV 87.5 MPH)
|
Batting: RHB Chance Lamb
|
0-0: Foul Ball, location: 2F 0-1: Ball 1-1: Ball 2-1: Swinging Strike 2-2: Foul Ball, location: 2F 2-2: Foul Ball, location: 2F 2-2: Ball 3-2: Ground out 4-3 (Groundball, 34, EV 106.9 MPH)
|
Bottom of the 3rd over - 0 runs, 0 hits, 0 errors, 0 left on base; Charleston 1 - Hickory 1 |
TOP OF THE 4TH |
Charleston RiverDogs batting - Pitching for Hickory Crawdads : LHP Phil Tippins
|
Batting: SHB Jeffrey Louter
|
0-0: Ball 1-0: Ball 2-0: Ball 3-0: Base on Balls
|
Batting: LHB Marty Hafner
|
0-0: Called Strike 0-1: Ball 1-1: Ball 2-1: Foul Ball, location: 2F 2-2: Foul Ball, location: 2F 2-2: Ball 3-2: Foul Ball, location: 2F 3-2: Grounds into double play, 5-4-3 (Groundball, 56, EV 78.1 MPH)
|
Batting: RHB Matt Crane
|
0-0: Ball 1-0: Ball 2-0: Foul Ball, location: 2F 2-1: Ball 3-1: Called Strike 3-2: Foul Ball, location: 2F 3-2: SINGLE (Line Drive, 7S, EV 105.0 MPH)
|
Batting: RHB Alfredo Razo
|
0-0: Swinging Strike 0-1: Foul Ball, location: 2F 0-2: Ball 1-2: Strikes out swinging
|
Top of the 4th over - 0 runs, 1 hit, 0 errors, 1 left on base; Charleston 1 - Hickory 1 |
BOTTOM OF THE 4TH |
Hickory Crawdads batting - Pitching for Charleston RiverDogs : RHP Andres Galindo
|
Batting: RHB Adryão Anto
|
0-0: Called Strike 0-1: Called Strike 0-2: Foul Ball, location: 2F 0-2: Ball 1-2: Ball 2-2: Foul Ball, location: 2F 2-2: Ball 3-2: Base on Balls
|
Batting: LHB Manuel Arguello
|
0-0: Ball 1-0: Ball 2-0: Fly out, F7 (Flyball, 7S, EV 94.4 MPH)
|
Batting: LHB Nick Foutz
|
0-0: Ball 1-0: Ball 2-0: Ball 3-0: Base on Balls Adryão Anto to second
|
Batting: RHB Bernie Varela
|
0-0: Ball 1-0: Ball 2-0: Ball 3-0: Called Strike 3-1: Foul Ball, location: 2F 3-2: Base on Balls Adryão Anto to third Nick Foutz to second
|
Batting: RHB Andy Sheridan
|
0-0: Ball 1-0: Ball 2-0: Called Strike 2-1: Called Strike 2-2: SINGLE (Flyball, 78S, EV 85.6 MPH) Adryão Anto scores Nick Foutz to third Bernie Varela to second
|
Batting: RHB Chris Powell
|
0-0: Called Strike 0-1: Ball 1-1: Foul Ball, location: 2F 1-2: Ball 2-2: Ball 3-2: Foul Ball, location: 2F 3-2: Grounds into fielders choice 4-2 (Groundball, 4, EV 101.9 MPH) Bernie Varela to third Andy Sheridan to second
|
Batting: RHB Mike Trujillo
|
0-0: Ball 1-0: Foul Ball, location: 2F 1-1: Foul Ball, location: 2F 1-2: Hit by Pitch Bernie Varela scores Andy Sheridan to third Chris Powell to second
|
Pitching: RHP Angel Gutierres
|
|
Batting: RHB Dave Brabo
|
0-0: Ball 1-0: Swinging Strike 1-1: Foul Ball, location: 2F 1-2: SINGLE (Line Drive, 8RM, EV 100.6 MPH) Andy Sheridan scores Chris Powell to third Mike Trujillo to second Runner from 3rd tries for Home, SAFE, throw by CF to home
|
Batting: RHB Chance Lamb
|
0-0: Called Strike 0-1: Fly out, F4 (Popup, 4M, EV 76.9 MPH)
|
Bottom of the 4th over - 4 runs, 2 hits, 0 errors, 2 left on base; Charleston 1 - Hickory 5 |
TOP OF THE 5TH |
Charleston RiverDogs batting - Pitching for Hickory Crawdads : LHP Phil Tippins
|
Batting: RHB Omar Novoa
|
0-0: Called Strike 0-1: SINGLE (Groundball, 34D, EV 86.2 MPH) (infield hit)
|
Batting: RHB Graham Murphy
|
0-0: Ball 1-0: Grounds into double play, 5-4-3 (Groundball, 5S, EV 89.4 MPH)
|
Batting: LHB Aaron Joyner
|
0-0: Foul Ball, location: 2F 0-1: Ball 1-1: Ball 2-1: Ball 3-1: Base on Balls
|
Batting: LHB Victor Fiallos
|
0-0: Ball 1-0: Ball 2-0: Ball 3-0: Base on Balls Aaron Joyner to second
|
Batting: LHB Bart Davies
|
0-0: SINGLE (Groundball, 4MD, EV 107.5 MPH) Aaron Joyner to third Victor Fiallos to second Runner from 3rd tries for Home, SAFE, throw by CF to home Victor Fiallos to third Bart Davies to second
|
Batting: SHB Jeffrey Louter
|
0-0: Swinging Strike 0-1: Called Strike 0-2: Ball 1-2: Ball 2-2: Fly out, F5 (Popup, 25F, EV 79.4 MPH)
|
Top of the 5th over - 1 run, 2 hits, 0 errors, 2 left on base; Charleston 2 - Hickory 5 |
BOTTOM OF THE 5TH |
Hickory Crawdads batting - Pitching for Charleston RiverDogs : RHP Angel Gutierres
|
Pitching: RHP Gabe Torres
|
|
Batting: RHB Adryão Anto
|
0-0: Ball 1-0: Foul Ball, location: 2F 1-1: Ball 2-1: Fly out, F6 (Flyball, 6MD, EV 74.4 MPH)
|
Batting: LHB Manuel Arguello
|
0-0: Foul Ball, location: 2F 0-1: Foul Ball, location: 2F 0-2: Ball 1-2: Fly out, F8 (Flyball, 8LM, EV 78.8 MPH)
|
Batting: LHB Nick Foutz
|
0-0: Foul Ball, location: 2F 0-1: Called Strike 0-2: Foul Ball, location: 2F 0-2: Fly out, F9 (Flyball, 89D, EV 100.0 MPH)
|
Bottom of the 5th over - 0 runs, 0 hits, 0 errors, 0 left on base; Charleston 2 - Hickory 5 |
TOP OF THE 6TH |
Charleston RiverDogs batting - Pitching for Hickory Crawdads : LHP Phil Tippins
|
Batting: LHB Marty Hafner
|
0-0: Foul Ball, location: 2F 0-1: Ball 1-1: Ball 2-1: Ball 3-1: Ground out 4-3 (Groundball, 4, EV 84.4 MPH)
|
Batting: RHB Matt Crane
|
0-0: Ball 1-0: Foul Ball, location: 2F 1-1: Foul Ball, location: 2F 1-2: Fly out, F9 (Flyball, 9D, EV 99.4 MPH)
|
Batting: RHB Alfredo Razo
|
0-0: Foul Ball, location: 2F 0-1: Ground out 4-3 (Groundball, 4, EV 78.8 MPH)
|
Top of the 6th over - 0 runs, 0 hits, 0 errors, 0 left on base; Charleston 2 - Hickory 5 |
BOTTOM OF THE 6TH |
Hickory Crawdads batting - Pitching for Charleston RiverDogs : RHP Gabe Torres
|
Batting: RHB Bernie Varela
|
0-0: Foul Ball, location: 2F 0-1: Ground out 5-3 (Groundball, 56, EV 103.1 MPH)
|
Batting: RHB Andy Sheridan
|
0-0: Ball 1-0: Ball 2-0: Ball 3-0: Base on Balls
|
Batting: RHB Chris Powell
|
0-0: Ball 1-0: Called Strike 1-1: Ball 2-1: Grounds into double play, 4-6-3 (Groundball, 4, EV 82.5 MPH)
|
Bottom of the 6th over - 0 runs, 0 hits, 0 errors, 0 left on base; Charleston 2 - Hickory 5 |
TOP OF THE 7TH |
Charleston RiverDogs batting - Pitching for Hickory Crawdads : LHP Phil Tippins
|
Now at 1B: Bernie Varela
|
|
Now at 3B: Alex Vasquez
|
|
Batting: RHB Omar Novoa
|
0-0: Foul Ball, location: 2F 0-1: Ball 1-1: Ball 2-1: Foul Ball, location: 2F 2-2: Ground out 4-3 (Groundball, 4, EV 103.8 MPH)
|
Batting: RHB Graham Murphy
|
0-0: Ball 1-0: Ball 2-0: Fly out, F8 (Flyball, 8RS, EV 88.8 MPH)
|
Batting: LHB Aaron Joyner
|
0-0: Called Strike 0-1: Ball 1-1: Swinging Strike 1-2: Strikes out looking
|
Top of the 7th over - 0 runs, 0 hits, 0 errors, 0 left on base; Charleston 2 - Hickory 5 |
BOTTOM OF THE 7TH |
Hickory Crawdads batting - Pitching for Charleston RiverDogs : RHP Gabe Torres
|
Batting: RHB Mike Trujillo
|
0-0: Swinging Strike 0-1: Called Strike 0-2: SINGLE (Flyball, 56D, EV 87.5 MPH)
|
Batting: RHB Dave Brabo
|
0-0: Ball 1-0: Called Strike 1-1: Ball 2-1: Called Strike Mike Trujillo steals 2nd base 2-2: Fly out, F8 (Flyball, 78D, EV 85.6 MPH)
|
Batting: RHB Chance Lamb
|
0-0: Ball 1-0: Ball 2-0: Called Strike 2-1: Fly out, F9 (Flyball, 9LS, EV 77.5 MPH)
|
Batting: RHB Adryão Anto
|
0-0: Called Strike 0-1: SINGLE (Groundball, 3D, EV 108.8 MPH) Mike Trujillo to third
|
Batting: LHB Manuel Arguello
|
0-0: Ball 1-0: 3-RUN HOME RUN (Flyball, 9LD, EV 96.2 MPH), Distance : 355 ft
|
Pitching: RHP Jake Bryant
|
|
Batting: LHB Nick Foutz
|
0-0: Called Strike 0-1: SOLO HOME RUN (Flyball, 89XD, EV 113.8 MPH), Distance : 436 ft
|
Batting: RHB Bernie Varela
|
0-0: Fly out, F3 (Popup, 3F, EV 67.5 MPH)
|
Bottom of the 7th over - 4 runs, 4 hits, 0 errors, 0 left on base; Charleston 2 - Hickory 9 |
TOP OF THE 8TH |
Charleston RiverDogs batting - Pitching for Hickory Crawdads : LHP Phil Tippins
|
Pitching: RHP Tim Honaker
|
|
Now at 2B: Alex Vasquez
|
|
Now at 3B: Mike Meeker
|
|
Batting: LHB Victor Fiallos
|
0-0: Ball 1-0: Foul Ball, location: 2F 1-1: Ball 2-1: Ball 3-1: Foul Ball, location: 2F 3-2: Base on Balls
|
Batting: LHB Bart Davies
|
0-0: Foul Ball, location: 2F 0-1: Ball 1-1: Ball 2-1: Foul Ball, location: 2F 2-2: Foul Ball, location: 2F 2-2: Ball 3-2: SINGLE (Groundball, 3D, EV 105.0 MPH) Victor Fiallos to second
|
Batting: SHB Jeffrey Louter
|
0-0: Swinging Strike 0-1: Foul Ball, location: 2F 0-2: Ball 1-2: Foul Ball, location: 2F 1-2: Fielders Choice at 2nd, 3-6 (Groundball, 3, EV 102.5 MPH) Victor Fiallos to third
|
Batting: LHB Marty Hafner
|
0-0: Ball 1-0: Swinging Strike 1-1: Called Strike 1-2: Foul Ball, location: 2F 1-2: Ball 2-2: Strikes out swinging
|
Batting: RHB Matt Crane
|
0-0: Swinging Strike 0-1: Called Strike 0-2: Ground out 2-3 (Groundball, 2L, EV 64.4 MPH)
|
Top of the 8th over - 0 runs, 1 hit, 0 errors, 2 left on base; Charleston 2 - Hickory 9 |
BOTTOM OF THE 8TH |
Hickory Crawdads batting - Pitching for Charleston RiverDogs : RHP Jake Bryant
|
Batting: RHB Alex Vasquez
|
0-0: Ball 1-0: Ground out 5-3 (Groundball, 5S, EV 72.5 MPH)
|
Batting: RHB Chris Powell
|
0-0: Foul Ball, location: 2F 0-1: Ball 1-1: Ball 2-1: Called Strike 2-2: Fly out, F9 (Flyball, 89S, EV 93.8 MPH)
|
Batting: RHB Mike Trujillo
|
0-0: Foul Ball, location: 2F 0-1: Ball 1-1: Swinging Strike 1-2: Fly out, F7 (Line Drive, 7D, EV 95.0 MPH)
|
Bottom of the 8th over - 0 runs, 0 hits, 0 errors, 0 left on base; Charleston 2 - Hickory 9 |
TOP OF THE 9TH |
Charleston RiverDogs batting - Pitching for Hickory Crawdads : RHP Tim Honaker
|
Batting: RHB Alfredo Razo
|
0-0: Foul Ball, location: 2F 0-1: Called Strike 0-2: Ball 1-2: Ball 2-2: Foul Ball, location: 2F 2-2: Strikes out swinging
|
Batting: RHB Omar Novoa
|
0-0: Swinging Strike 0-1: Ball 1-1: Ground out 4-3 (Groundball, 34D, EV 105.0 MPH)
|
Batting: RHB Graham Murphy
|
0-0: Called Strike 0-1: Called Strike 0-2: Foul Ball, location: 2F 0-2: Ball 1-2: Ground out 4-3 (Groundball, 6M, EV 90.6 MPH)
|
Top of the 9th over - 0 runs, 0 hits, 0 errors, 0 left on base; Charleston 2 - Hickory 9 |
|